 Dungeon Crawl Stone Soup version 0.29.1-15-g9cfb28693d (webtiles) character file.

Game seed: 8565866700839555132

114 ikuliku the Gusty (level 4, -7/24 HPs)
             Began as a Tengu Air Elementalist on Mar 27, 2023.
             Mangled by a gnoll
             ... wielding a +0 spear
              (8 damage)
             ... on level 2 of the Dungeon.
             The game lasted 00:05:41 (2073 turns).

ikuliku the Gusty (Tengu Air Elementalist)          Turns: 2073, Time: 00:05:41

Health: -7/24      AC:  2    Str:  8    XL:     4   Next: 97%
Magic:  2/9        EV: 12    Int: 18    God:
Gold:   36         SH:  0    Dex: 14    Spells: 8/9 levels left

rFire   . . .      SeeInvis .   e - +3 dagger
rCold   . . .      Faith    .   (no shield)
rNeg    . . .      Spirit   .   a - +0 robe
rPois   .          Reflect  .   (helmet restricted)
rElec   .          Harm     .   (no cloak)
rCorr   .          Rampage  .   (no gloves)
Will    .....                   (boots unavailable)
Stlth   ++........              (no amulet)
HPRegen 0.08/turn               (no ring)
MPRegen 0.11/turn               (no ring)

@: no status effects
A: beak, talons 3
a: no special abilities


You were on level 2 of the Dungeon.
You visited 1 branch of the dungeon, and saw 2 of its levels.

You collected 106 gold pieces.
You spent 70 gold pieces at shops.

Inventory:

Hand Weapons
 e - a +3 dagger (weapon)
Armour
 a - a +0 robe (worn)
 c - a +0 buckler
 n - a +0 hat
Scrolls
 f - a scroll of identify {unknown}
 g - a scroll of teleportation {unknown}
 h - a scroll of noise {unknown}
 k - a scroll of fog {unknown}
 l - a scroll of torment {unknown}
 o - a scroll of enchant armour {unknown}
Potions
 b - a potion of attraction {unknown}
 d - a potion of cancellation {unknown}
 i - 2 potions of degeneration {unknown}
 j - a potion of brilliance {unknown}
 m - a potion of resistance {unknown}


   Skills:
 - Level 2.1 Dodging
 - Level 2.0 Stealth
 + Level 3.1 Spellcasting
 + Level 3.0 Conjurations
 + Level 5.6 Air Magic


You had 8 spell levels left.
You knew the following spells:

 Your Spells              Type           Power      Damage    Failure   Level
a - Shock                 Conj/Air       72%        1d7       2%          1

Your spell library contained the following spells:

 Spells                   Type           Power      Damage    Failure   Level
 Static Discharge         Conj/Air       18%        3-6/arc   4%          2
 Swiftness                Air            23%        N/A       4%          3
 Airstrike                Air            11%        2d(2-18)  16%         4
 Leda's Liquefaction      Hex/Erth       1%         N/A       85%         4
 Lee's Rapid Deconstruct  Erth           1%         3d5*      99%         5
 Statue Form              Tmut/Erth      1%         N/A       100%        6


Dungeon Overview and Level Annotations

Branches:
Dungeon (2/15)

Altars:
Elyvilon

Shops:
D:1 [*!


Innate Abilities, Weirdness & Mutations

You have a beak for a mouth.
You have claws for feet.


Message History

The gnoll is moderately wounded.
A gnoll comes into view. It is wielding a +0 spear.
Your Spellcasting skill increases to level 3!
Your Conjurations skill increases to level 3!
The zap hits the gnoll.
The gnoll is severely wounded.
The zap hits the gnoll.
The gnoll is moderately wounded.
The gnoll shouts!
The zap misses the gnoll.
The zap hits the gnoll.
The gnoll is severely wounded.
The zap hits the gnoll.
The gnoll is severely wounded.
The zap hits the gnoll.
You kill the gnoll!
The zap misses the gnoll.
The zap hits the gnoll.
The gnoll is moderately wounded.
Unknown command.
The zap hits the gnoll.
The gnoll is severely wounded.
The gnoll barely misses you.
You are out of magic!
You are out of magic!
A dart slug comes into view.
The gnoll barely misses you. The gnoll barely misses you.
The gnoll hits you but does no damage. The gnoll barely misses you.
The dart slug launches a dart at you. The slug dart hits you.
A rat comes into view.
The gnoll hits you from afar with a +0 spear. x2
The gnoll barely misses you. The gnoll hits you with a +0 spear.
The gnoll attacks as you move away! The gnoll hits you with a +0 spear!
* * * LOW HITPOINT WARNING * * *
The gnoll hits you from afar with a +0 spear.
* * * LOW HITPOINT WARNING * * *
A bat comes into view.
The gnoll hits you from afar with a +0 spear!
You die...

.... ........#....#
...# . #.
#?........#####. #...
#.##.###..............
.##
.....^#..............
# #...r...w.........#
######.....#.........#
#.......g............#
#.###...g............#
#..@.)...#+####+###
#..b.###...# .....).#
#...#
#.##....###>..### #
.....#.....†.#
#.....#.###.#.#
#.....#.#...#.#
#.....# #...# # ######
###.#


You could see 2 gnolls, a dart slug, a bat and a rat.

Vanquished Creatures
  5 adders
  3 gnolls
  4 ball pythons
  A bat (D:1)
  2 endoplasms (D:2)
  3 giant cockroaches
  6 goblins
  2 hobgoblins (D:1)
  2 jackals (D:1)
  A quokka (D:2)
  5 frilled lizards
  4 kobolds (D:1)
  6 rats
44 creatures vanquished.

Notes
Turn   | Place    | Note
-------+----------+-------------------------------------------
     0 | D:1      | ikuliku the Tengu Air Elementalist began the quest for the
                  | Orb.
     0 | D:1      | Reached XP level 1. HP: 10/10 MP: 4/4
     1 | D:1      | Found a white marble altar of Elyvilon.
   167 | D:1      | Found Ycruota's Assorted Antiques.
   208 | D:1      | Found Quri's Distillery.
   217 | D:1      | Reached XP level 2. HP: 15/15 MP: 3/6
   696 | D:1      | Found Jekoc's Antique Armour Boutique.
   816 | D:1      | Bought a potion of heal wounds for 70 gold pieces
   868 | D:1      | Found a faded altar of an unknown god.
   960 | D:1      | Reached XP level 3. HP: 19/19 MP: 4/7
  1026 | D:1      | Reached skill level 5 in Air Magic
  1501 | D:2      | Reached XP level 4. HP: 15/24 MP: 6/9
  2068 | D:2      | HP: 1/24 [gnoll/+0 spear (2)]
  2073 | D:2      | Mangled by a gnoll

Illustrated notes

Levels and vault maps discovered:
D:1:      sevenhm_arrival_forest_fort_small_6, layout_rooms,
          dreamdust_ecumenical_altar_angels_and_demons, serial_shops,
          nicolae_square_shop, nicolae_shop_behind_doors, shop,
          minmay_pentomino_o2
D:2:      cheibrodos_greedy_goblins, layout_basic

Skill      XL: |  1  2  3  4 |
---------------+-------------+-----
Conjurations   | 2 3 |  3.0
Air Magic      | 5 |  5.6
Spellcasting   | 3 |  3.1
Dodging        | |  2.1
Stealth        | |  2.0

Action                   |  1- 3 |  4- 6 || total
-------------------------+-------+-------++-------
 Cast: Shock             |    68 |    31 ||    99
  Use: Potion            |     2 |       ||     2
Armor: Robe              |    11 |     2 ||    13
Dodge: Dodged            |    31 |     8 ||    39
